 Dungeon Crawl Stone Soup version 0.22.1-1-ga44c0e56f4 (webtiles) character file.

382 LLavrengius the Grave Robber (level 6, -2/48 HPs)
             Began as a Mummy Necromancer on Oct 30, 2018.
             Slain by a wyvern zombie (8 damage)
             ... on level 4 of the Dungeon.
             The game lasted 00:16:05 (3724 turns).

LLavrengius the Grave Robber (Mummy Necromancer)    Turns: 3724, Time: 00:16:06

Health: -2/48      AC:  4    Str: 10    XL:     6   Next: 47%
Magic:  8/10       EV: 11    Int: 15    God:
Gold:   183        SH:  0    Dex: 12    Spells: 6/11 levels left

rFire    x . .     SeeInvis +   e - +1 hand axe "Dobih" {venom, +Inv rPois Str-3 SInv}
rCold    + . .     Gourm    .   (no shield)
rNeg     + + +     Faith    .   d - +0 leather armour
rPois    ∞         Spirit   .   (no helmet)
rElec    .         Reflect  .   g - +0 cloak
rCorr    +         Harm     .   (no gloves)
MR       +....                  (no boots)
Stlth    +.........             (no amulet)
HPRegen  0.16/turn              k - ring of resist corrosion
MPRegen  0.12/turn              q - ring of protection from magic

@: no status effects
A: no food or potions, fire vulnerability, cold resistance 1, negative energy
resistance 3, torment resistance, unbreathing
a: Evoke Invisibility


You were on level 4 of the Dungeon.
You were not hungry.

You visited 1 branch of the dungeon, and saw 4 of its levels.

You collected 183 gold pieces.

Inventory:

Hand Weapons
 a - a +0 long sword
 c - a +0 hunting sling of velocity
 e - the +1 hand axe "Dobih" (weapon) {venom, +Inv rPois Str-3 SInv}
   (You took it off an orc on level 4 of the Dungeon)

   It poisons the flesh of those it strikes.
   It affects your strength (-3).
   It protects you from poison.
   It lets you see invisible.
   It lets you turn invisible.
 s - a +0 rapier
Missiles
 f - 68 stones (quivered)
 u - an exploding tomahawk
Armour
 d - a +0 leather armour (worn)
 g - a +0 cloak (worn)
 p - a +0 ring mail
 t - a +0 chain mail
Jewellery
 k - a ring of resist corrosion (left hand)
 l - an uncursed ring of flight
 q - a ring of protection from magic (right hand)
Wands
 r - a wand of flame (19)
Scrolls
 b - 2 scrolls of identify
 h - a scroll of enchant armour {unknown}
 i - 2 scrolls of amnesia
 j - a scroll of fear {unknown}
 m - 3 scrolls of teleportation
 n - 3 scrolls of remove curse
 o - 2 scrolls of magic mapping
 v - a scroll of noise {unknown}


   Skills:
 - Level 4.1 Fighting
 * Level 0.9 Axes
 - Level 1.5 Dodging
 - Level 1.5 Stealth
 - Level 3.0 Spellcasting
 - Level 6.0 Necromancy
 * Level 1.0 Evocations


You had 6 spell levels left.
You knew the following spells:

 Your Spells              Type           Power        Failure   Level  Hunger
a - Pain                  Necr           ###.         2%          1    N/A
b - Animate Skeleton      Necr           N/A          2%          1    N/A
c - Vampiric Draining     Necr           ###.......   7%          3    N/A

Your spell library contained the following spells:

 Spells                   Type           Power        Failure   Level  Hunger
 Animate Dead             Necr           N/A          22%         4    N/A
 Regeneration             Chrm/Necr      Unusable     N/A         3    N/A

Dungeon Overview and Level Annotations

Branches:
Dungeon (4/15)
 Temple: D:4-7

Altars:
Cheibriados
Okawaru


Innate Abilities, Weirdness & Mutations

You do not eat or drink.
Your flesh is vulnerable to fire.
You are immune to poison.
Your flesh is cold resistant. (rC+)
You are immune to negative energy. (rN+++)
You are immune to unholy pain and torment.
You can survive without breathing.


Message History

The wyvern zombie is severely damaged.
The wyvern zombie bites you!
* * * LOW HITPOINT WARNING * * *
The wyvern zombie closely misses you.
Your howler monkey skeleton barely misses the wyvern zombie.
You hit the wyvern zombie but do no damage.
The wyvern zombie is severely damaged.
The wyvern zombie closely misses you.
Your howler monkey skeleton hits the wyvern zombie.
The wyvern zombie bites your howler monkey skeleton!
Your howler monkey skeleton is destroyed!
You hit the wyvern zombie.
The wyvern zombie is almost destroyed.
The wyvern zombie barely misses you.
You hit the wyvern zombie.
The wyvern zombie is almost destroyed.
The wyvern zombie bites you.
* * * LOW HITPOINT WARNING * * *
The wyvern zombie bites you!
You die...

........ . # ....
...... .# ....
####.##.##.#
..$........... #..
#...#.# #########
#!.##.(...###........
#.#......##.†######.
#.Z.†.##.%..## ###..
###@.###..### ##...#
#†.......####..###
#....#.........##
#....##.##.....##
#..####. ###...# ...
#. #.....#### ..## #.
#.###....## (##
#........... #
#.#........#


You could see a wyvern zombie.

Vanquished Creatures
  A scorpion (D:4)
  A howler monkey (D:4)
  An orc priest (D:4)
  An orc wizard (D:4)
  Natasha (thrice) (D:2)
  2 worker ants (D:4)
  3 adders
  4 worms
  3 dart slugs
  2 leopard geckos (D:2)
  3 orcs
  5 bats
  8 giant cockroaches
  6 goblins
  11 hobgoblins
  A quokka (D:3)
  A ball python (D:3)
  9 frilled lizards
  9 kobolds
  7 rats
81 creatures vanquished.

Vanquished Creatures (collateral kills)
  A worm (D:4)
1 creature vanquished.

Grand Total: 82 creatures vanquished

Notes
Turn   | Place    | Note
-------+----------+-------------------------------------------
     0 | D:1      | LLavrengius the Mummy Necromancer began the quest for the
                  | Orb.
     0 | D:1      | Reached XP level 1. HP: 13/13 MP: 4/4
   128 | D:1      | Learned a level 1 spell: Animate Skeleton
   352 | D:1      | Reached XP level 2. HP: 20/20 MP: 6/6
   376 | D:1      | Reached skill level 1 in Fighting
  1268 | D:2      | Reached XP level 3. HP: 26/26 MP: 5/7
  1365 | D:2      | Noticed Natasha
  1378 | D:2      | Killed Natasha
  1403 | D:2      | Noticed Natasha
  1407 | D:2      | Killed Natasha
  1407 | D:2      | Reached XP level 4. HP: 3/34 MP: 0/8
  1742 | D:2      | Learned a level 3 spell: Vampiric Draining
  1954 | D:2      | Reached skill level 5 in Necromancy
  2033 | D:2      | Found an iron altar of Okawaru.
  2218 | D:2      | Noticed Natasha
  2224 | D:2      | Killed Natasha
  2369 | D:3      | Reached XP level 5. HP: 40/41 MP: 5/9
  2852 | D:3      | Found a snail-covered altar of Cheibriados.
  3211 | D:4      | Noticed a phantom
  3380 | D:4      | Reached XP level 6. HP: 34/48 MP: 0/10
  3573 | D:4      | Got a slimy hand axe {venom}
  3574 | D:4      | Identified the +1 hand axe "Dobih" {venom, +Inv rPois Str-3
                  | SInv} (You took it off an orc on level 4 of the Dungeon)
  3717 | D:4      | Reached skill level 6 in Necromancy
  3717 | D:4      | Reached skill level 1 in Evocations
  3724 | D:4      | Slain by a wyvern zombie

Skill      XL: |  1  2  3  4  5  6 |
---------------+-------------------+-----
Spellcasting   | 3 |  3.0
Fighting       | 1 2 3 4 |  4.1
Necromancy     | 5 6 |  6.0
Evocations     | 1 |  1.0
Axes           | |  0.9
Dodging        | |  1.5
Stealth        | |  1.5

Action                   |  1- 3 |  4- 6 || total
-------------------------+-------+-------++-------
Melee: Short sword       |     2 |       ||     2
       Rapier            |       |    30 ||    30
       Hand axe          |       |    17 ||    17
 Fire: Hunting sling     |    36 |    18 ||    54
Throw: Throwing net      |     2 |     1 ||     3
 Cast: Pain              |    43 |    97 ||   140
       Animate Skeleton  |       |     1 ||     1
  Use: Scroll            |       |    10 ||    10
Armor: Robe              |    13 |     2 ||    15
       Leather armour    |       |    15 ||    15
Dodge: Dodged            |    12 |    30 ||    42
